 Dungeon Crawl Stone Soup version 0.26.1-2-gb8aa6d0 (webtiles) character file.

Game seed: 4252547459588320220

153358 Scud the Severer (level 17, -2/193 (196) HPs)
             Began as a Demonspawn Abyssal Knight on Feb 26, 2021.
             Was a High Priest of Lugonu.
             Killed from afar by a guardian serpent (6 damage)
             ... with a bolt of poison
             ... in the Desolation of Salt on Mar 5, 2021.
             The game lasted 04:44:09 (48101 turns).

Scud the Severer (Demonspawn Abyssal Knight)       Turns: 48101, Time: 04:44:10

HP:   -2/193 (196)  AC: 25    Str: 24    XL:     17   Next: 4%
MP:   24/26         EV: 18    Int: 13    God:    Lugonu [*****.]
Gold: 1445          SH:  6    Dex: 15    Spells: 10/28 levels left

rFire    + . .     SeeInvis .   a - +4 war axe (freeze)
rCold    + + .     Faith    .   T - +1 buckler {rPois}
rNeg     . . .     Spirit   .   Y - +6 scale mail of Miracles {+Fly rC+ Will++ Int-2}
rPois    +         Reflect  .   W - +1 helmet
rElec    .         Harm     .   e - scarf {rC+ rF+}
rCorr    .         Rampage  .   i - +0 pair of gloves
Will     +++..                  (no boots)
Stlth    ..........             H - amulet of regeneration
HPRegen  2.82/turn              w - +4 ring of evasion
MPRegen  0.20/turn              U - +6 ring of strength

@: berserking, lethally poisoned (-2 -> -2), lightly drained, very quick
A: claws 1, iridescent scales 3, mutation resistance 1, powered by death 1,
spiny 2, strong 1
a: Renounce Religion, Evoke Flight, Depart the Abyss, Bend Space, Banish,
Corrupt, Enter the Abyss


You were in the Desolation of Salt.
You worshipped Lugonu.
Lugonu was extremely pleased with you.
You visited 7 branches of the dungeon, and saw 29 of its levels.
You visited the Abyss 1 time.
You also visited: Ossuary, Bailey and Desolation.

You collected 3415 gold pieces.
You spent 1970 gold pieces at shops.

Inventory:

Hand Weapons
 a - a +4 war axe of freezing (weapon)
 k - a +3 vorpal broad axe
 S - the +7 rapier of the Hierophant {flame, rF+ Str+3 Dex+2}
   (You found it on level 9 of the Dungeon)

   It has been specially enchanted to burn those struck by it, causing extra
   injury to most foes and up to half again as much damage against particularly
   susceptible opponents.
   It affects your strength (+3).
   It affects your dexterity (+2).
   It protects you from fire.
Missiles
 p - 6 throwing nets
 E - 7 atropa-tipped darts
Armour
 e - a scarf of resistance (worn)
 i - a +0 pair of gloves (worn)
 T - a +1 buckler of poison resistance (worn)
 W - a +1 helmet (worn)
 Y - the +6 scale mail of Miracles (worn) {+Fly rC+ Will++ Int-2}
   (You found it on level 1 of the Shoals)

   It affects your intelligence (-2).
   It protects you from cold.
   It affects your willpower, your defense against some magical effects.
   It lets you fly.
Jewellery
 n - an uncursed amulet of reflection
 u - an uncursed ring of willpower
 w - a +4 ring of evasion (left hand)
 z - a +6 ring of intelligence
 G - an uncursed ring of resist corrosion
 H - an amulet of regeneration (around neck)
 U - a +6 ring of strength (right hand)
Wands
 b - a wand of polymorph (13)
 g - a wand of flame (35)
 r - a wand of acid (14) (quivered)
 t - a wand of paralysis (34)
 L - a wand of enslavement (8)
 O - a wand of disintegration (1)
 Q - a wand of digging (4)
 R - a wand of iceblast (7)
Scrolls
 c - 2 scrolls of silence
 j - 2 scrolls of fog
 l - 16 scrolls of remove curse
 m - 18 scrolls of teleportation
 q - 6 scrolls of blinking
 x - 3 scrolls of magic mapping
 y - 2 scrolls of summoning
 B - 3 scrolls of fear
 I - a scroll of enchant weapon
 K - 12 scrolls of amnesia
 N - 2 scrolls of holy word
 Z - 2 scrolls of identify
Potions
 d - a potion of heal wounds
 f - 5 potions of flight
 h - 2 potions of resistance
 o - a potion of haste
 s - 3 potions of attraction
 v - 3 potions of cancellation
 C - 5 potions of magic
 D - 4 potions of curing
 F - 4 potions of might
 M - 4 potions of lignification
Miscellaneous
 A - a phial of floods
 J - a tin of tremorstones (2/2)
 V - a tin of tremorstones (2/2)


   Skills:
 + Level 11.3 Fighting
 * Level 16.5 Axes
 + Level 11.5 Armour
 + Level 6.1 Dodging
 - Level 5.1 Shields
 - Level 6.0 Spellcasting
 - Level 5.0 Hexes
 - Level 7.0 Summonings
 - Level 7.0 Ice Magic
 * Level 2.2 Air Magic
 + Level 13.0 Invocations
 - Level 5.0 Evocations


You had 10 spell levels left.
You knew the following spells:

 Your Spells              Type           Power        Failure   Level
a - Corona                Hex            17%          4%          1
b - Ensorcelled Hibernat  Hex/Ice        38%          4%          2
c - Swiftness             Air            9%           21%         2
d - Summon Ice Beast      Ice/Summ       22%          19%         4
e - Ozocubu's Armour      Ice            22%          5%          3
f - Frozen Ramparts       Ice            44%          5%          3
g - Confusing Touch       Hex            16%          13%         3

Your spell library contained the following spells:

 Spells                   Type           Power        Failure   Level
 Freeze                   Ice            88%          1%          1
 Summon Small Mammal      Summ           88%          1%          1
 Call Imp                 Summ           22%          2%          2
 Call Canine Familiar     Summ           22%          5%          3
 Summon Guardian Golem    Hex/Summ       19%          9%          3
 Tukima's Dance           Hex            16%          13%         3
 Shock                    Conj/Air       24%          22%         1
 Magic Dart               Conj           12%          32%         1
 Sting                    Tmut/Pois      12%          32%         1
 Poisonous Vapours        Pois/Air       12%          32%         2
 Dazzling Flash           Conj/Hex       20%          34%         3
 Searing Ray              Conj           6%           45%         2
 Summon Lightning Spire   Summ/Air       15%          45%         4
 Static Discharge         Conj/Air       6%           54%         3
 Mephitic Cloud           Conj/Pois/Air  5%           58%         3
 Hailstorm                Conj/Ice       13%          61%         4
 Metabolic Englaciation   Hex/Ice        9%           61%         5
 Gell's Gravitas          Tloc           1%           69%         3
 Ignite Poison            Fire/Tmut/Pois 3%           69%         3
 Fulminant Prism          Conj/Hex       5%           75%         4
 Airstrike                Air            4%           80%         4
 Silence                  Hex/Air        6%           91%         5
 Iskenderun's Mystic Bla  Conj/Tloc      3%           97%         4
 Olgreb's Toxic Radiance  Pois           3%           97%         4
 Petrify                  Tmut/Erth      3%           97%         4
 Yara's Violent Unravell  Hex/Tmut       5%           97%         5
 Lightning Bolt           Conj/Air       3%           99%         5
 Irradiate                Conj/Tmut      1%           100%        5
 Conjure Ball Lightning   Conj/Air       3%           100%        6
 Hydra Form               Tmut           1%           100%        6
 Statue Form              Tmut/Erth      2%           100%        6
 Dragon Form              Tmut           1%           100%        7
 Tornado                  Air            4%           100%        9


Dungeon Overview and Level Annotations

Branches:
Dungeon (15/15)            Temple (1/1) D:4            Lair (4/6) D:8
 Shoals (3/4) Lair:3       Spider (3/4) Lair:2          Orc (2/2) D:11
    Elf (1/3) Orc:2        Vaults (0/5) D:13         Depths (0/5) D:15
Ossuary (visited)          Bailey (visited)         Desolation (1/1)

Altars:
Ashenzari
Cheibriados
Dithmenos
Elyvilon
Fedhas
Gozag
Hepliaklqana
Kikubaaqudgha
Makhleb
Nemelex Xobeh
Okawaru
Qazlal
Ru
Sif Muna
Trog
Uskayaw
Vehumet
Wu Jian
Xom
Yredelemnul
Zin
The Shining One
Beogh

Shops:
D:6 *   D:9 !   D:10 }   D:13 [   D:15 =   Orc:1 *   Orc:2 =*[(?

Annotations:
D:12 corrupted
D:15 3 runed translucent doors randart cloak, Lyniq's ghost, journeyman DrTm
Lair:1 corrupted
Shoals:2 corrupted
Spider:2 corrupted
Orc:2 corrupted
Abyss:1 Louise; Snorg


Innate Abilities, Weirdness & Mutations

You have sharp fingernails.
You are completely covered in iridescent scales. (AC +6)
You regenerate a little health from kills.
You are mostly covered in sharp spines.
You are somewhat resistant to further mutation.
Your muscles are strong. (Str +2)


Message History

The peacekeeper is heavily damaged.
You hit the saltling. You freeze the saltling.
You destroy the saltling!
Lugonu accepts your kill.
You completely miss the guardian serpent.
You feel sick.
You block the guardian serpent's attack.
You hit the peacekeeper but do no damage.
The peacekeeper is heavily damaged.
You barely miss the guardian serpent. The peacekeeper bites you!!
* * * LOW HITPOINT WARNING * * *
The peacekeeper claws you.
* * * LOW HITPOINT WARNING * * *
You are too berserk!
Your icy armour will break if you move.
Continue?
Your icy armour cracks and falls away as you move.
You feel sick.
The guardian serpent casts a spell at you.
The bolt of poison hits you. You resist.
You die...

...§§§.§.§..§§§
...§§§§§..§§§§§
..§§§§§##.§§§§§
...........§§§§
........§§§§§..
..........§§§§§
..##...S§§§§.§§
.........§§..§§§
.......8.@....§§..
.........##....§§.
..........#....§§..
...................
...................
.......∩...........
..................
.......∩........
.##.............


You could see a peacekeeper (strong) and a guardian serpent.

Vanquished Creatures
  3 ghost moths
  An emperor scorpion (Spider:3)
  3 entropy weavers
  A dire elephant (D:15)
  A merfolk impaler (Shoals:1)
  Josephine (D:11)
  A peacekeeper (Desolation)
  3 vault guards (D:13)
  A great orb of eyes (D:12)
  Harold (D:6)
  5 boulder beetles
  3 merfolk avatars
  2 centaur warriors
  2 hydras
  4 dancing weapons
  A merfolk aquamancer (Shoals:1)
  An alligator snapping turtle (Shoals:1)
  3 two-headed ogres
  An ogre mage (D:13)
  A tengu warrior (D:13)
  A vampire mage (D:15)
  2 orc high priests
  A deep elf knight (Orc:2)
  3 unseen horrors
  5 skeletal warriors
  5 sea snakes
  2 wizards
  12 orb spiders
  7 orc knights
  A deep elf archer (Elf:1)
  11 harpies
  A wolf spider zombie (D:15)
  19 wolf spiders
  8 deep elf magi
  11 ugly things
  4 fauns (Shoals:2)
  3 orc sorcerers (Orc:2)
  A salamander (D:15)
  14 manticores
  2 moths of wrath
  A moth of wrath (shapeshifter) (Orc:2)
  7 elephants
  Maurice (Orc:1)
  5 water nymphs
  5 merfolk sirens
  4 black mambas
  2 gargoyles (D:13)
  A cane toad (shapeshifter) (D:14)
  8 cane toads
  3 rime drakes
  5 komodo dragons
  A centaur skeleton (D:12)
  11 demonic crawlers
  The ghost of JeffreyEpstein the Insei, a novice OpTm (D:7)
  An efreet (D:13)
  4 yaktaurs (D:14)
  12 merfolk
  23 jumping spiders
  5 meliai
  3 trolls
  5 hornets
  6 wind drakes
  6 saltlings (Desolation)
  5 blink frogs (Lair:2)
  Grinder (D:3)
  5 polar bears (Lair:4)
  6 snapping turtles
  18 tarantellas
  An air elemental (Elf:1)
  28 redbacks
  5 water elementals
  18 yaks
  4 wyverns
  5 wraiths
  2 steam dragons
  7 vampire mosquitoes
  Edmund (D:6)
  2 soldier ants (D:14)
  3 wargs (Orc:1)
  9 water moccasins
  4 nameless horrors
  40 orc warriors
  A black bear (D:6)
  5 ice beasts
  3 sky beasts
  3 phantoms
  6 ogres
  13 wolves
  19 centaurs
  A big kobold (D:11)
  13 bullfrogs
  3 scorpions (D:5)
  A water moccasin skeleton (D:12)
  5 killer bees (D:8)
  18 wights
  3 electric eels
  2 howler monkeys
  5 centaur zombies
  6 hounds
  3 jellies
  25 orc priests
  3 bullfrog skeletons
  A gnoll shaman (D:7)
  35 orc wizards
  4 iguanas
  13 worker ants
  4 big kobold zombies (Ossuary)
  A mummy (Ossuary)
  Robin (D:3)
  3 worker ant zombies
  12 gnolls
  7 adders
  2 shadow imps
  3 white imps
  2 ufetubi (D:6)
  2 oozes
  5 worms
  2 dart slugs
  7 leopard geckos
  86 orcs
  A spectral bat (Ossuary)
  7 bats
  7 giant cockroaches
  8 gnoll zombies (Ossuary)
  19 goblins
  14 hobgoblins
  12 jackals
  6 kobolds
  7 quokkas
  3 ball pythons
  3 bat simulacra (Ossuary)
  4 frilled lizards
  2 goblin simulacra (Ossuary)
  3 goblin zombies (Ossuary)
  4 hobgoblin zombies (Ossuary)
  4 kobold simulacra (Ossuary)
  7 kobold zombies (Ossuary)
  4 orc zombies (Ossuary)
  A quokka skeleton (D:4)
  8 rats
  A rat simulacrum (Ossuary)
  3 spectral goblins (Ossuary)
  2 spectral kobolds (Ossuary)
  5 spectral rats (Ossuary)
899 creatures vanquished.

Vanquished Creatures (collateral kills)
  A sea snake (Shoals:1)
  An orb spider (Spider:1)
  An orc knight (Orc:2)
  An elephant (Lair:3)
  A torpor snail (Spider:3)
  2 komodo dragons
  2 jumping spiders
  A tarantella (Spider:1)
  A warg (Orc:2)
  A water moccasin (Lair:3)
  2 orc warriors
  An ogre (Orc:2)
  An orc priest (Orc:2)
  8 orcs (Orc:2)
24 creatures vanquished.

Vanquished Creatures (others)
  A hydra (D:12)
  A merfolk avatar (Shoals:2)
  2 catoblepae (Shoals:2)
  An orc knight (Orc:2)
  A manticore (Shoals:2)
  3 wolf spiders (Spider:2)
  A merfolk siren (Shoals:2)
  A komodo dragon (Lair:1)
  3 jumping spiders
  A merfolk (Shoals:2)
  A tarantella (Spider:2)
  3 yaks (Lair:1)
  A basilisk (D:12)
  A water moccasin (D:12)
  3 orc warriors
  2 ice beasts (D:12)
  4 wolves (Lair:1)
  2 electric eels (Lair:1)
  An orc priest (D:12)
  An orc (Orc:2)
  A jackal (D:6)
  14 fungi
  61 plants
  2 starspawn tentacles (D:12)
  145 tentacles
257 creatures vanquished.

Grand Total: 1180 creatures vanquished

Notes
Turn   | Place    | Note
-------+----------+-------------------------------------------
     0 | Abyss:1  | Scud the Demonspawn Abyssal Knight began the quest for the
                  | Orb.
     0 | Abyss:1  | Reached XP level 1. HP: 18/18 MP: 2/2
    58 | Abyss:1  | Noticed a neqoxec
    59 | D:1      | Escaped the Abyss
   101 | D:1      | Reached skill level 1 in Dodging
   161 | D:1      | Reached skill level 2 in Axes
   166 | D:1      | Gained mutation: You have sharp fingernails. [demonic
                  | ancestry]
   166 | D:1      | Reached XP level 2. HP: 5/24 MP: 3/3
   167 | D:1      | HP: 1/24 [goblin/+0 dagger (4)]
   200 | D:1      | Reached * piety under Lugonu
   795 | D:1      | Reached XP level 3. HP: 29/29 MP: 4/4
  1803 | D:2      | Reached XP level 4. HP: 32/35 MP: 5/5
  2063 | D:2      | Found a burning altar of Makhleb.
  2360 | D:3      | Noticed a bullfrog
  2372 | D:3      | Killed a bullfrog
  2373 | D:3      | Reached skill level 3 in Axes
  2373 | D:3      | Reached XP level 5. HP: 38/42 MP: 6/6
  2452 | D:3      | Noticed Grinder
  2455 | D:3      | Paralysed by Grinder for 4 turns
  2480 | D:3      | Paralysed by Grinder for 3 turns
  2487 | D:3      | Killed Grinder
  2488 | D:3      | Reached skill level 4 in Axes
  2488 | D:3      | Reached XP level 6. HP: 25/48 MP: 7/7
  2765 | D:3      | Reached ** piety under Lugonu
  3361 | D:3      | Noticed Robin
  3375 | D:3      | Killed Robin
  3672 | D:4      | Gained mutation: You are partially covered in iridescent
                  | scales. (AC +2) [demonic ancestry]
  3672 | D:4      | Reached XP level 7. HP: 55/55 MP: 8/8
  4298 | D:4      | Found a staircase to the Ecumenical Temple.
  4303 | Temple   | Entered the Ecumenical Temple
  4395 | D:4      | Reached *** piety under Lugonu
  4418 | D:4      | Reached skill level 5 in Axes
  4754 | D:5      | Entered Level 5 of the Dungeon
  4967 | D:5      | Reached skill level 5 in Fighting
  4967 | D:5      | Gained mutation: You are mostly covered in iridescent
                  | scales. (AC +4) [demonic ancestry]
  4967 | D:5      | Reached XP level 8. HP: 42/62 MP: 9/9
  5546 | D:5      | Reached skill level 6 in Axes
  6050 | D:6      | Reached skill level 1 in Shields
  6338 | D:6      | Found a sand-covered staircase.
  6359 | Ossuary  | Entered an ossuary
  6415 | Ossuary  | Reached **** piety under Lugonu
  6769 | Ossuary  | Reached skill level 7 in Axes
  6769 | Ossuary  | Gained mutation: You are completely covered in iridescent
                  | scales. (AC +6) [demonic ancestry]
  6769 | Ossuary  | Reached XP level 9. HP: 63/67 MP: 12/12
  7098 | D:6      | Reached skill level 5 in Armour
  7208 | D:6      | Reached skill level 5 in Invocations
  7726 | D:6      | Noticed Edmund
  7747 | D:6      | Killed Edmund
  7848 | D:6      | Found Tiheakh's General Store.
  7858 | D:6      | Bought a scroll of teleportation for 42 gold pieces
  7858 | D:6      | Bought a scroll of teleportation for 42 gold pieces
  8023 | D:7      | Noticed Harold
  8057 | D:6      | Killed Harold
  8058 | D:6      | Reached skill level 8 in Axes
  8084 | D:7      | Reached ***** piety under Lugonu
  8498 | D:7      | Reached skill level 9 in Axes
  9003 | D:7      | Found a transporter.
  9005 | D:7      | Noticed a moth of wrath
  9009 | D:7      | Noticed JeffreyEpstein's ghost (novice OpTm)
  9065 | D:7      | Found a transporter.
  9066 | D:7      | Found a bloodstained altar of Trog.
  9097 | D:7      | Identified the +5 great sword "Weojaech" {antimagic, Int+4}
  9357 | D:8      | Found a staircase to the Lair.
  9432 | D:8      | Reached XP level 10. HP: 74/74 MP: 13/13
  9534 | D:8      | You fall into a shaft and drop 1 floor!
  9536 | D:9      | Got a slimy rapier
  9550 | D:9      | Identified the +7 rapier of the Hierophant {flame, rF+
                  | Str+3 Dex+2} (You found it on level 9 of the Dungeon)
  9572 | D:9      | Noticed a manticore
  9589 | D:9      | Killed a manticore
  9590 | D:9      | Reached skill level 1 in Hexes
  9994 | D:9      | Reached skill level 5 in Shields
 10267 | D:9      | Got a translucent ring mail
 10278 | D:9      | Identified the +2 ring mail of Inviolability {Str+3} (You
                  | found it on level 9 of the Dungeon)
 10550 | D:9      | Noticed a two-headed ogre
 10581 | D:9      | Killed a two-headed ogre
 10582 | D:9      | Reached skill level 10 in Axes
 10743 | D:9      | Noticed a two-headed ogre
 10764 | D:9      | Killed a two-headed ogre
 11038 | D:9      | Found Ishroplai's Distillery.
 11041 | D:9      | Bought a potion of mutation for 136 gold pieces
 11041 | D:9      | Bought a potion of lignification for 51 gold pieces
 11041 | D:9      | Gained mutation: Your body sometimes deteriorates upon
                  | taking damage. [potion of mutation]
 11041 | D:9      | Gained mutation: Your muscles are strong. (Str +2) [potion
                  | of mutation]
 11042 | D:9      | Bought a potion of might for 68 gold pieces
 11198 | Lair:1   | Entered Level 1 of the Lair of Beasts
 11260 | Lair:1   | Noticed a cane toad
 11269 | Lair:1   | Killed a cane toad
 11419 | Lair:1   | Learned a level 1 spell: Corona
 11685 | D:8      | Gained mutation: You are partially covered in sharp spines.
                  | [demonic ancestry]
 11685 | D:8      | Reached XP level 11. HP: 81/81 MP: 15/15
 12527 | Lair:1   | Noticed a seven-headed hydra
 12539 | Lair:1   | Killed a seven-headed hydra
 12540 | Lair:1   | Reached skill level 1 in Summonings
 13209 | Lair:1   | Corrupted Lair:1
 13209 | Lair:1   | Noticed a large abomination
 13417 | Lair:1   | Reached skill level 1 in Spellcasting
 13444 | Lair:1   | Reached skill level 11 in Axes
 13750 | Lair:1   | Got a faintly humming ring mail
 13761 | Lair:1   | Identified the +3 ring mail of the Serpent {*Slow +Fly MP+9
                  | Int+3} (You found it on level 1 of the Lair of Beasts)
 14819 | Lair:2   | Reached skill level 5 in Hexes
 15117 | Lair:2   | Learned a level 3 spell: Call Canine Familiar
 15121 | Lair:2   | Learned a level 3 spell: Confusing Touch
 15264 | Lair:2   | Noticed a six-headed hydra
 15266 | Lair:2   | Banished a six-headed hydra
 15399 | Lair:2   | Gained mutation: You regenerate a little health from kills.
                  | [demonic ancestry]
 15399 | Lair:2   | Reached XP level 12. HP: 82/91 MP: 13/16
 15402 | Lair:2   | Learned a level 2 spell: Ensorcelled Hibernation
 15540 | Lair:2   | Found a hole to the Spider Nest.
 16426 | Lair:3   | Reached skill level 1 in Ice Magic
 16433 | Lair:3   | Reached skill level 5 in Summonings
 17349 | Lair:3   | Found a staircase to the Shoals.
 18172 | Lair:4   | Noticed a boulder beetle
 18224 | Lair:3   | Killed a boulder beetle
 18506 | Lair:3   | Reached skill level 12 in Axes
 18859 | Lair:4   | Found a frozen archway.
 18860 | Lair:4   | Noticed an ice dragon
 18885 | Lair:4   | Banished an ice dragon
 19431 | Lair:4   | Noticed a five-headed hydra
 19432 | Lair:4   | Banished a five-headed hydra
 19801 | Lair:4   | Noticed a six-headed hydra
 19802 | Lair:4   | Banished a six-headed hydra
 20032 | Lair:4   | Noticed a death yak
 20032 | Lair:4   | Noticed a death yak
 20034 | Lair:4   | Noticed a death yak
 20036 | Lair:4   | Noticed a death yak
 20412 | D:10     | Entered Level 10 of the Dungeon
 20726 | D:10     | Found Vuixzoju's Gadget Shop.
 21238 | D:11     | Found a staircase to the Orcish Mines.
 21247 | D:11     | Noticed Snorg
 21380 | D:11     | Reached XP level 13. HP: 96/96 MP: 19/19
 21449 | D:11     | Found a flagged portal.
 21464 | Bailey   | Entered a bailey
 21477 | Bailey   | Reached skill level 5 in Ice Magic
 21694 | Bailey   | Reached skill level 1 in Evocations
 21976 | D:11     | Noticed Josephine
 21988 | D:11     | Killed Josephine
 22053 | D:11     | Banished Snorg
 22813 | Orc:1    | Entered Level 1 of the Orcish Mines
 22836 | Orc:1    | Noticed Maurice
 22882 | D:11     | Learned a level 4 spell: Summon Ice Beast
 22889 | Orc:1    | Killed Maurice
 23305 | Orc:1    | Found Culiw's Assorted Antiques.
 23317 | Orc:1    | Bought a glowing scarf for 208 gold pieces
 23543 | Orc:2    | Entered Level 2 of the Orcish Mines
 23543 | Orc:2    | Found Pyfesk's Magic Scroll Boutique.
 23567 | Orc:2    | Found a roughly hewn altar of Beogh.
 23779 | Orc:2    | Noticed a stone giant
 24057 | Orc:2    | Banished a stone giant
 24225 | Orc:2    | Bought a scroll of teleportation for 45 gold pieces
 24225 | Orc:2    | Bought a scroll of immolation for 52 gold pieces
 24225 | Orc:2    | Bought a scroll of fog for 30 gold pieces
 24225 | Orc:2    | Bought a scroll of teleportation for 45 gold pieces
 24225 | Orc:2    | Bought a scroll of magic mapping for 52 gold pieces
 24246 | Orc:2    | Found a staircase to the Elven Halls.
 24428 | Orc:2    | Found a bloodstained altar of Trog.
 24434 | Orc:2    | Reached skill level 13 in Axes
 24571 | Orc:2    | Corrupted Orc:2
 24571 | Orc:2    | Noticed a blizzard demon
 24571 | Orc:2    | Noticed a starcursed mass
 25461 | Orc:2    | Noticed an orc warlord
 25489 | Orc:2    | Banished an orc warlord
 26693 | Orc:2    | Found Giuzuovi's General Store.
 26694 | Orc:2    | Found Qasozuw's Jewellery Emporium.
 26696 | Orc:2    | Found Fyequil's Antique Armour Shoppe.
 26696 | Orc:2    | Found Zehytz's Antique Weapon Shoppe.
 26712 | Orc:2    | Bought a potion of resistance for 140 gold pieces
 26723 | Orc:2    | Bought a jewelled chain mail for 332 gold pieces
 26723 | Orc:2    | Bought an ichor-stained scale mail for 315 gold pieces
 26734 | Orc:2    | Identified the +7 chain mail "Uqeoteiv" {rElec} (You bought
                  | it in a shop on level 2 of the Orcish Mines)
 26744 | Orc:2    | Identified the +6 scale mail of Cuaj Hoo {rElec Str+6} (You
                  | bought it in a shop on level 2 of the Orcish Mines)
 27469 | D:11     | Gained mutation: You are mostly covered in sharp spines.
                  | [demonic ancestry]
 27469 | D:11     | Reached XP level 14. HP: 85/105 MP: 8/21
 27638 | D:12     | Reached skill level 5 in Spellcasting
 27991 | D:12     | Corrupted D:12
 27991 | D:12     | Noticed a starcursed mass
 27991 | D:12     | Noticed a tentacled starspawn
 28122 | D:12     | Noticed a bone dragon
 28126 | D:12     | Noticed a bone dragon
 28142 | D:12     | Found a hazy altar of Hepliaklqana.
 29129 | D:13     | Found Doennufu's Antique Armour Boutique.
 29143 | D:13     | Bought a glowing buckler for 187 gold pieces
 29143 | D:13     | Bought a turquoise-encrusted ring mail for 225 gold pieces
 29165 | D:13     | Identified the cursed +0 ring mail of Cagyor {+Fly rN+
                  | Str+2} (You bought it in a shop on level 13 of the Dungeon)
 30195 | D:13     | Found a gate to the Vaults.
 30892 | D:14     | Lost mutation: Your muscles are strong. (Str +2) [potion of
                  | mutation]
 30892 | D:14     | Lost mutation: Your body sometimes deteriorates upon taking
                  | damage. [potion of mutation]
 30892 | D:14     | Gained mutation: Your muscles are strong. (Str +2) [potion
                  | of mutation]
 30892 | D:14     | Gained mutation: You are somewhat resistant to further
                  | mutation. [potion of mutation]
 31671 | D:14     | Reached skill level 14 in Axes
 31671 | D:14     | Reached skill level 5 in Dodging
 31671 | D:14     | Reached skill level 5 in Evocations
 32961 | D:15     | Entered Level 15 of the Dungeon
 33010 | D:15     | Found Yrghaut's Jewellery Shop.
 33024 | D:15     | Found a burning altar of Makhleb.
 33140 | D:15     | Found a glowing golden altar of the Shining One.
 33177 | D:15     | Reached XP level 15. HP: 112/112 MP: 24/24
 33523 | D:15     | Found a runed translucent gate.
 33526 | D:15     | Found a runed translucent gate.
 33527 | D:15     | Found a runed translucent gate.
 33528 | D:15     | Noticed Lyniq's ghost (journeyman DrTm)
 33687 | D:15     | Found a staircase to the Depths.
 34567 | D:7      | Killed JeffreyEpstein's ghost
 34760 | Lair:2   | Identified a scroll of acquirement
 34833 | Spider:1 | Entered Level 1 of the Spider Nest
 34840 | Spider:1 | Reached skill level 10 in Invocations
 34936 | Lair:2   | Reached skill level 10 in Armour
 36829 | Spider:1 | Reached skill level 15 in Axes
 38150 | Spider:1 | Reached skill level 10 in Fighting
 38536 | Spider:2 | Killed a ghost moth
 39467 | Spider:2 | Corrupted Spider:2
 39467 | Spider:2 | Noticed a tentacled starspawn
 39469 | Spider:2 | Noticed a tentacled starspawn
 40023 | Spider:3 | Reached XP level 16. HP: 118/122 MP: 25/25
 40451 | Spider:3 | Learned a level 3 spell: Ozocubu's Armour
 40457 | Spider:3 | Learned a level 3 spell: Frozen Ramparts
 40471 | Spider:3 | Got a dazzling chain mail
 40494 | Spider:3 | Identified the +8 chain mail of the Moon {rF+} (You found
                  | it on level 3 of the Spider Nest)
 41617 | Shoals:1 | Entered Level 1 of the Shoals
 42200 | Shoals:1 | Got a heavily runed scale mail
 42220 | Shoals:1 | Identified the +6 scale mail of Miracles {+Fly rC+ Will++
                  | Int-2} (You found it on level 1 of the Shoals)
 43487 | Shoals:1 | Reached skill level 16 in Axes
 43812 | Shoals:1 | Acquired a +3 vorpal broad axe
 43996 | Shoals:2 | Corrupted Shoals:2
 44899 | Shoals:2 | Found the +10 Black Knight's barding {ponderous, rPois rN+}
 44957 | Shoals:2 | Noticed a kraken
 46253 | Shoals:3 | Noticed a kraken
 46508 | Shoals:3 | Noticed a kraken
 47036 | Shoals:3 | Learned a level 2 spell: Swiftness
 47289 | Elf:1    | Entered Level 1 of the Elven Halls
 47323 | Orc:2    | Reached skill level 1 in Air Magic
 47721 | Elf:1    | Noticed Louise
 47954 | Elf:1    | Banished Louise
 47955 | Elf:1    | Reached XP level 17. HP: 102/125 MP: 2/26
 48015 | Elf:1    | Found a ruined gateway.
 48023 | Desolati | Entered the Desolation of Salt
 48100 | Desolati | HP: 5/193 [peacekeeper (23)]
 48101 | Desolati | Killed from afar by a guardian serpent

Illustrated notes

Levels and vault maps discovered:
D:1:      amcnicky_arrival_abandoned_market, layout_loops_ring,
          serial_bayou_pond_e
D:2:      layout_basic, bloody_makhleb
D:3:      layout_basic, serial_glass, glass_columns_c, glass_columns_b,
          glass_columns_a, glass_columns_b, item_on_display_a, feat_on_display,
          due_unseen_surprise, minmay_strange_pillars, uniq_robin, uniq_grinder
D:4:      layout_rooms, temple_doors_e
D:5:      layout_basic
D:6:      layout_basic, chequers_ossuary_entry_cave, serial_shops, shop,
          zaba_anthole, uniq_edmund
D:7:      layout_loops_corners, gammafunk_ghost_wrathful_warriors,
          grunt_decor_clamped, uniq_harold
D:8:      layout_basic, dpeg_oklobed_lair
D:9:      layout_irregular_city, serial_shops, kennysheep_mini_moat
D:10:     layout_long_grid, serial_shops, nicolae_shop_behind_doors
D:11:     layout_irregular_city, orc_0_dummy, enter_bailey_4, uniq_josephine,
          uniq_snorg
D:12:     layout_big_octagon, serial_park_tiny_2, minmay_ruined_shrine
D:13:     cheibrodos_quadrivalence, layout_layer_cave,
          grunt_vaults_entry_fortified, serial_glass, glass_columns_a,
          glass_columns_c, glass_columns_a, glass_columns_a, glass_columns_a,
          glass_columns_a, glass_columns_a, glass_columns_a, serial_shops,
          nicolae_shop_overgrown_old_shop
D:14:     layout_roguey, serial_aquarium, aquarium_bridge_island_small
          [aquarium_subvault_small_water, aquarium_subvault_bridge,
          aquarium_subvault_wall, aquarium_subvault_bridge,
          aquarium_subvault_bridge], aquarium_window_2, aquarium_window_2,
          aquarium_window_2, aquarium_view_2e, aquarium_view_2e,
          aquarium_pool_2, chequers_avenue
D:15:     hangedman_depths_entry_try_elsewhere_first, layout_gridville,
          serial_shops, shop_fountains, gammafunk_ghost_tricky_traps,
          nzn_life_drinkers
Temple:   grunt_wide_crystal_templ
Lair:1:   layout_regular_city, serial_bayou_lake_a, grunt_megastairs_3,
          infiniplex_staircase_pool_2
Lair:2:   layout_layer_cave, spider_nest_entry_web_field
Lair:3:   layout_hall_layers, elwin_shoals_entry_rooms, beast_lair_carwin_9
Lair:4:   layout_cave_pods, portal_ice_cave_entry_animals_and_master,
          st_stairs_12, grunt_megastairs_5
Shoals:1: layout_shoals
Shoals:2: nzn_motion_control, layout_shoals
Shoals:3: layout_shoals
Spider:1: nicolae_spider_corner
Spider:2: layout_spider_delve
Spider:3: nicolae_spider_hall_of_the_moth_king
Orc:1:    layout_caves, serial_shops, shop, uniq_maurice
Orc:2:    st_orc_congregation, layout_caves, serial_shops, shop, basic_altar,
          david_defended_altar_orc
Elf:1:    layout_gridlike, serial_shops, shop,
          portal_desolation_entry_nicolae_slug, minivault_28, st_stairs_13,
          uniq_louise, uniq_kirke
Desolation

Skill      XL: |  1  2  3  4  5  6  7  8  9 10 11 12 13 14 15 16 17 |
---------------+----------------------------------------------------+-----
Dodging        | 1 2 3 4 5 6 |  6.1
Axes           | 2 3 4 5 7 9 10 11 12 13 14 15 16 | 16.5
Armour         | 2 3 4 5 6 7 8 9 10 11 | 11.5
Fighting       | 4 5 6 7 8 10 11 | 11.3
Invocations    | 4 5 6 7 8 9 11 12 13 | 13.0
Shields        | 1 4 5 |  5.1
Hexes          | 3 5 |  5.0
Summonings     | 4 6 7 |  7.0
Spellcasting   | 3 4 6 |  6.0
Ice Magic      | 4 6 7 |  7.0
Evocations     | 3 5 |  5.0
Air Magic      | 1 2 |  2.2

Action                   |  1- 3 |  4- 6 |  7- 9 | 10-12 | 13-15 | 16-18 || total
-------------------------+-------+-------+-------+-------+-------+-------++-------
Melee: Hand axe          |   157 |   116 |   678 |    36 |       |       ||   987
       War axe           |       |     3 |       |   734 |  1109 |   479 ||  2325
       Rapier            |       |       |       |     5 |       |       ||     5
       Unarmed           |       |       |       |       |     9 |       ||     9
       Broad axe         |       |       |       |       |       |    29 ||    29
 Fire: Hunting sling     |       |     2 |    54 |       |       |       ||    56
       Fustibalus        |       |       |       |    14 |     8 |       ||    22
Throw: Dart              |     6 |     8 |    68 |    33 |     1 |       ||   116
       Throwing net      |       |       |       |     1 |     1 |       ||     2
 Cast: Corona            |       |       |       |    15 |     2 |       ||    17
       Confusing Touch   |       |       |       |    12 |     2 |     1 ||    15
       Call Canine Famil |       |       |       |    25 |       |       ||    25
       Summon Ice Beast  |       |       |       |       |    61 |    27 ||    88
       Ensorcelled Hiber |       |       |       |       |     6 |       ||     6
       Ozocubu's Armour  |       |       |       |       |       |    17 ||    17
       Frozen Ramparts   |       |       |       |       |       |     7 ||     7
Invok: Depart the Abyss  |     1 |       |       |       |       |       ||     1
       Banish            |       |       |       |     7 |    27 |     8 ||    42
       Corrupt           |       |       |       |     1 |     3 |     1 ||     5
 Abil: Evoke Flight      |       |       |       |       |       |    21 ||    21
       Stop Flying       |       |       |       |       |       |     1 ||     1
Evoke: Wand              |       |       |     2 |     2 |    17 |    73 ||    94
       Phial of floods   |       |       |       |     1 |     1 |       ||     2
  Use: Potion            |     2 |     3 |     1 |     8 |    17 |     3 ||    34
       Scroll            |       |       |     5 |    13 |    14 |     8 ||    40
 Stab: Distracted        |       |       |     3 |     5 |     2 |     2 ||    12
       Invisible         |       |       |     1 |       |       |       ||     1
       Held in net/web   |       |       |       |     1 |     1 |       ||     2
       Confused          |       |       |       |     9 |     1 |       ||    10
Armor: Leather armour    |    12 |       |       |       |       |       ||    12
       Ring mail         |    47 |    47 |    15 |   199 |   119 |       ||   427
       Scale mail        |       |       |   194 |       |   559 |   255 ||  1008
       Chain mail        |       |       |    59 |    98 |       |       ||   157
       Skin              |       |       |       |       |    38 |     1 ||    39
Dodge: Dodged            |    98 |    67 |   273 |   347 |   656 |   291 ||  1732
Block: Other             |       |    36 |    57 |       |       |       ||    93
       Reflection        |       |     1 |     9 |    12 |    47 |    23 ||    92
       Buckler           |       |       |   187 |   420 |   744 |   284 ||  1635
